 Seeded DCSS version 0.29.1-14-g9c671dbff4 (webtiles) character file.

Game seed: 1568925220260594985 (custom seed)

6657 a11behringer the Cleaver (level 10, 0/135 HPs)
             Began as a Minotaur Berserker on Feb 14, 2023.
             Was an Elder of Trog.
             Slain by a meliai
             ... wielding a +0 hand axe
              (1 damage)
             ... on level 8 of the Dungeon.
             The game lasted 00:18:09 (7634 turns).

a11behringer the Cleaver (Minotaur Berserker)       Turns: 7634, Time: 00:18:10

Health: 0/135      AC: 11    Str: 32    XL:     10   Next: 73%
Magic:  9/9        EV: 10    Int:  4    God:    Trog [****..]
Gold:   192        SH:  0    Dex: 10    Spells: 9/9 levels left

rFire   . . .      SeeInvis .   E - +8 battleaxe (drain)
rCold   . . .      Faith    .   (shield currently unavailable)
rNeg    . . .      Spirit   .   d - +0 chain mail
rPois   +          Reflect  .   (helmet restricted)
rElec   .          Harm     .   (no cloak)
rCorr   .          Rampage  .   (no gloves)
Will    ++...                   (no boots)
Stlth   ..........              l - amulet of the acrobat
HPRegen 1.32/turn               r - ring of poison resistance
MPRegen 0.11/turn               z - +6 ring of strength

@: berserking, lethally poisoned (0 -> -1), strong-willed, regenerating, very
quick
A: horns 2, retaliatory headbutt
a: Renounce Religion, Berserk, Trog's Hand, Brothers in Arms


You were on level 8 of the Dungeon.
You worshipped Trog.
Trog was greatly pleased with you.
You visited 1 branch of the dungeon, and saw 8 of its levels.

You collected 330 gold pieces.
You spent 138 gold pieces at shops.

Inventory:

Hand Weapons
 a - a +0 hand axe
 m - a +0 sling
 t - the +5 spear of the Twisting Gods {spect, rCorr}
   (You found it on level 3 of the Dungeon)

   When its wielder attacks, the weapon's spirit leaps out and strikes again.
   The spirit shares a part of any damage it takes with its wielder.
   rCorr:     It protects you from acid and corrosion.
 E - a +8 battleaxe of draining (weapon)
Armour
 b - a +0 animal skin
 d - a +0 chain mail (worn)
 h - a +0 leather armour
Jewellery
 l - an amulet of the acrobat (around neck)
 r - a ring of poison resistance (left hand)
 z - a +6 ring of strength (right hand)
 C - a ring of flight
Wands
 v - a wand of light (23)
 G - a wand of polymorph (14)
Scrolls
 f - 2 scrolls of fear
 i - 2 scrolls of amnesia {unknown}
 q - 2 scrolls of vulnerability {unknown}
 w - 2 scrolls of enchant weapon
 x - 2 scrolls of teleportation {unknown}
 F - a scroll of noise {unknown}
 H - 2 scrolls of magic mapping {unknown}
Potions
 c - 2 potions of invisibility
 e - 4 potions of curing
 g - 3 potions of flight
 j - 3 potions of might
 k - 3 potions of haste
 o - a potion of degeneration {unknown}
 p - 5 potions of mutation
 s - 2 potions of lignification {unknown}
 u - 4 potions of heal wounds
 A - 2 potions of ambrosia
 D - a potion of brilliance {unknown}
 I - a potion of magic {unknown}


   Skills:
 + Level 8.7 Fighting
 * Level 14.5(14.9) Axes
 - Level 5.5(11.0) Polearms
 + Level 8.3 Armour
 + Level 4.9 Dodging


You had 9 spell levels left.
You didn't know any spells.
Your spell library was empty.

Dungeon Overview and Level Annotations

Branches:
Dungeon (8/15)             Temple (0/1) D:5
   Lair: D:8-11

Altars:
Fedhas
Hepliaklqana
Kikubaaqudgha
Nemelex Xobeh
Qazlal
Zin

Shops:
D:5 =   D:7 ?

Portals:
Abyss: D:5

Annotations:
D:1 1 transporter


Innate Abilities, Weirdness & Mutations

You have a pair of horns on your head.
You reflexively headbutt those who attack you in melee.


Message History

a +0 hand axe; a +0 robe; a black bear corpse You miss the meliai.
Your headbutt misses the meliai. The meliai hits you with a +0 hand axe.
The meliai stings you. The meliai hits you but does no damage.
The meliai stings you!
You are poisoned.
The meliai poisons you!
You completely miss the meliai.
You feel very sick.
The meliai mumbles some strange prayers to its god against you.
Something smites you!
A meliai comes into view.
It is wielding a +0 hand axe of flaming.
The meliai hits you with a +0 hand axe. The meliai stings you.
You are too injured to fight recklessly!
You are too injured to fight recklessly!
Your skin crawls.
You feel strong-willed.
You feel very sick. The meliai barely misses you. The meliai stings you!
* * * LOW HITPOINT WARNING * * *
The meliai hits you with a +0 hand axe of flaming.
* * * LOW HITPOINT WARNING * * *
The meliai burns you.
* * * LOW HITPOINT WARNING * * *
The meliai stings you but does no damage.
A red film seems to cover your vision as you go berserk!
You feel yourself moving faster!
You feel mighty!
You feel sick. The meliai hits you with a +0 hand axe.
* * * LOW HITPOINT WARNING * * *
The meliai stings you.
* * * LOW HITPOINT WARNING * * *
The meliai hits you with a +0 hand axe of flaming!
* * * LOW HITPOINT WARNING * * *
The meliai burns you.
* * * LOW HITPOINT WARNING * * *
The meliai stings you.
* * * LOW HITPOINT WARNING * * *
The meliai hits you with a +0 hand axe.
* * * LOW HITPOINT WARNING * * *
The meliai stings you.
You die...

..####......................
#......#############...#....
##.##### ###########...# #
#.# .........##...# #.#
..............# #.#
..........#...# ##.#
###.#.#.#.#...# ##.#
..........#...# ##.#
......y@####### .#..
..#####y# .##.##..#. #.#
.....#.# #.. ###..#.#.# ##.
....#.#.# #....8 #......#
#.#.. #.....# ...#.#
###.....# #..#.#


You could see 2 meliai.

Vanquished Creatures
  The ghost of booth the Magician, a novice DjCj (D:5)
  A meliai (D:8)
  21 yaks
  Menkaure (D:4)
  3 water moccasins
  3 ice beasts
  2 black bears
  3 ogres
  A centaur (D:7)
  2 kobold brigands
  3 bullfrogs
  A gnoll sergeant (D:7)
  2 small abominations (D:5)
  A scorpion (D:2)
  11 wights
  3 killer bees (D:8)
  A howler monkey (D:7)
  A hound (D:4)
  A jelly (D:5)
  3 orc priests
  A gnoll bouda (D:5)
  An iguana (D:6)
  Natasha (thrice) (D:2)
  2 orc wizards
  12 gnolls
  8 adders
  2 shadow imps
  A white imp (D:7)
  An ufetubus (D:5)
  A worm (D:2)
  20 orcs
  9 endoplasms
  5 giant cockroaches
  9 hobgoblins
  2 jackals (D:2)
  4 quokkas
  4 ball pythons
  7 bats
  3 frilled lizards
  6 goblins
  12 kobolds
  8 rats
186 creatures vanquished.

Notes
Turn   | Place    | Note
-------+----------+-------------------------------------------
     0 | D:1      | a11behringer the Minotaur Berserker began the quest for the
                  | Orb.
     0 | D:1      | Reached XP level 1. HP: 19/19 MP: 0/0
   144 | D:1      | Reached skill level 4 in Axes
   152 | D:1      | Found a faded altar of an unknown god.
   194 | D:1      | Reached XP level 2. HP: 27/27 MP: 1/1
   386 | D:1      | Reached XP level 3. HP: 10/33 MP: 2/2
   647 | D:1      | Reached ** piety under Trog
  1350 | D:2      | Noticed Natasha
  1358 | D:2      | Killed Natasha
  1359 | D:2      | Reached skill level 5 in Axes
  1359 | D:2      | Reached XP level 4. HP: 34/41 MP: 3/3
  1565 | D:2      | Noticed Natasha
  1569 | D:2      | Killed Natasha
  1823 | D:2      | Noticed a scorpion
  1828 | D:2      | Killed a scorpion
  1829 | D:2      | Reached skill level 6 in Axes
  1829 | D:2      | Reached XP level 5. HP: 47/47 MP: 4/4
  2098 | D:2      | Noticed Natasha
  2107 | D:2      | Killed Natasha
  2286 | D:3      | You fall into a shaft and drop 2 floors!
  2286 | D:5      | Entered Level 5 of the Dungeon
  2321 | D:5      | Found a staircase to the Ecumenical Temple.
  2338 | D:5      | Found a transporter.
  2350 | D:5      | Found a transporter.
  2396 | D:5      | Noticed an ogre
  2400 | D:5      | Killed an ogre
  2401 | D:5      | Reached skill level 5 in Fighting
  2401 | D:5      | Reached XP level 6. HP: 56/56 MP: 5/5
  2499 | D:4      | Noticed Menkaure
  2504 | D:4      | Killed Menkaure
  2505 | D:4      | Reached skill level 7 in Axes
  2717 | D:3      | Identified the +5 spear of the Twisting Gods {spect, rCorr}
  3272 | D:4      | Reached *** piety under Trog
  3399 | D:4      | Reached XP level 7. HP: 61/61 MP: 6/6
  3792 | D:5      | Reached skill level 1 in Polearms
  3806 | D:5      | Found a one-way gate to the infinite horrors of the Abyss.
  3882 | D:5      | Reached skill level 8 in Axes
  4234 | D:5      | Found Norenom's One-of-a-Kind Rings.
  4259 | D:5      | Reached XP level 8. HP: 48/70 MP: 7/7
  4525 | D:5      | Noticed booth's ghost (novice DjCj)
  4532 | D:5      | Killed booth's ghost
  4533 | D:5      | Reached skill level 9 in Axes
  4533 | D:5      | Reached skill level 5 in Armour
  4932 | D:6      | Reached skill level 5 in Polearms
  5157 | D:6      | Reached XP level 9. HP: 78/78 MP: 8/8
  5392 | D:7      | Found a large runed translucent door.
  5392 | D:7      | Found a large runed translucent door.
  5395 | D:7      | Reached skill level 10 in Axes
  5401 | D:7      | Reached skill level 11 in Axes
  5492 | D:7      | Found Zeeqi's Magic Scroll Boutique.
  5495 | D:7      | Reached **** piety under Trog
  5506 | D:7      | Bought a scroll of enchant weapon for 90 gold pieces
  5506 | D:7      | Bought a scroll of identify for 24 gold pieces
  5506 | D:7      | Bought a scroll of identify for 24 gold pieces
  5830 | D:7      | Reached skill level 12 in Axes
  6154 | D:7      | Found a blossoming altar of Fedhas.
  6453 | D:7      | Found a stormy altar of Qazlal.
  6462 | D:7      | Found a hazy altar of Hepliaklqana.
  6481 | D:8      | Found a sparkling altar of Nemelex Xobeh.
  6522 | D:8      | Reached XP level 10. HP: 65/88 MP: 9/9
  6692 | D:8      | Reached skill level 13 in Axes
  6701 | D:8      | Reached ***** piety under Trog
  7329 | D:8      | Found an ancient bone altar of Kikubaaqudgha.
  7331 | D:8      | Found a glowing silver altar of Zin.
  7369 | D:8      | Reached skill level 14 in Axes
  7634 | D:8      | HP: 6/135 [meliai/+0 hand axe of flaming (3)]
  7634 | D:8      | HP: 1/135 [meliai/+0 hand axe (2)]
  7634 | D:8      | Slain by a meliai

Illustrated notes

Levels and vault maps discovered:
D:1:      spicycebolla_arrival_risky_transporter, layout_basic,
          basic_ecumenical_altar, minmay_misc_feat_four_crosses
D:2:      layout_loops_ring, bh_walls_and_bars, uniq_natasha
D:3:      layout_rooms
D:4:      layout_loops_corners, chequers_garden, uniq_menkaure
D:5:      layout_basic, minmay_temple_entry_fiery,
          gammafunk_ghost_abyssal_escape, nicolae_shop_unique_rings
D:6:      layout_loops_cross, uniq_grinder
D:7:      layout_basic, mainiacjoe_overflow_chevrons, jmf_multi_god_temple2,
          serial_shops, shop
D:8:      layout_rooms, mainiacjoe_overflow_catwalk_spiral,
          nemelex_xobeh_ov_fountains_minmay, minmay_shop_chei, st_stairs_4

Skill      XL: |  1  2  3  4  5  6  7  8  9 10 |
---------------+-------------------------------+-----
Axes           | 4 5 6 7 8 9 12 14 | 14.5
Fighting       | 4 5 6 8 |  8.7
Dodging        | 3 4 |  4.9
Armour         | 3 4 6 7 8 |  8.3
Polearms       | 2 5 |  5.5

Action                   |  1- 3 |  4- 6 |  7- 9 | 10-12 || total
-------------------------+-------+-------+-------+-------++-------
Melee: Hand axe          |    59 |    56 |       |       ||   115
       Headbutt          |     5 |     9 |    27 |     7 ||    48
       Punch             |     1 |     1 |     4 |       ||     6
       Spear             |       |    40 |    78 |       ||   118
       Battleaxe         |       |       |    63 |    55 ||   118
Invok: Berserk           |     1 |     3 |     1 |     3 ||     8
       Trog's Hand       |       |     2 |     1 |     1 ||     4
  Use: Scroll            |       |       |     9 |     4 ||    13
 Stab: Distracted        |       |     1 |       |       ||     1
Armor: Animal skin       |     6 |       |       |       ||     6
       Leather armour    |     1 |     4 |     2 |       ||     7
       Chain mail        |       |       |    19 |    21 ||    40
Dodge: Dodged            |    43 |    55 |    52 |    21 ||   171
